 Dungeon Crawl Stone Soup version 0.24-a0-504-gcfb02b9d07 (webtiles) character file.

Game seed: 9015888970529974351

166 KristoblXynda the Ruffian (level 5, -3/45 HPs)
             Began as a Troll Wizard on July 17, 2019.
             Slain by a sky beast (5 damage)
             ... on level 6 of the Dungeon.
             The game lasted 00:03:33 (1981 turns).

KristoblXynda the Ruffian (Troll Wizard)            Turns: 1981, Time: 00:03:33

Health: -3/45      AC:  6    Str: 15    XL:     5   Next: 22%
Magic:  7/7        EV:  9    Int: 15    God:
Gold:   62         SH:  0    Dex:  8    Spells: 7/8 levels left

rFire    . . .     SeeInvis .     - Unarmed
rCold    . . .     Gourm    +   (no shield)
rNeg     . . .     Faith    .   a - +0 robe
rPois    .         Spirit   .   b - +0 hat
rElec    .         Reflect  .   (no cloak)
rCorr    .         Harm     .   (gloves unavailable)
MR       .....                  (boots unavailable)
Stlth    +.........             (no amulet)
HPRegen  0.55/turn              (no ring)
MPRegen  0.10/turn              (no ring)

@: lightly drained
A: large, unfitting armour, claws 3, fast metabolism 3, gourmand, regeneration
1, shaggy fur 1, tough skin 3
a: no special abilities


You were on level 6 of the Dungeon.
You were very full.

You visited 1 branch of the dungeon, and saw 4 of its levels.

You collected 62 gold pieces.

Inventory:

Armour
 a - a +0 robe (worn)
 b - a +0 hat (worn)
Scrolls
 e - a scroll of identify
 f - a scroll of fear {unknown}
 g - a scroll of fog {unknown}
 j - a scroll of remove curse {unknown}
 k - a scroll of amnesia {unknown}
 m - a scroll of blinking {unknown}
Potions
 c - a potion of lignification
 i - a potion of curing
Comestibles
 d - 3 rations


   Skills:
 - Level 1.5(1.3) Dodging
 - Level 1.0(0.8) Stealth
 + Level 3.3(3.1) Unarmed Combat
 - Level 2.0(1.7) Spellcasting
 + Level 2.7(2.5) Conjurations
   Level 0.6(0.4) Summonings
   Level 0.6(0.4) Translocations


You had 7 spell levels left.
You knew the following spells:

 Your Spells              Type           Power        Failure   Level  Hunger
a - Magic Dart            Conj           #...         9%          1    ##.....

Your spell library contained the following spells:

 Spells                   Type           Power        Failure   Level  Hunger
 Blink                    Tloc           N/A          28%         2    ###....
 Call Imp                 Summ           #.......     28%         2    ###....
 Slow                     Hex            #.......     34%         2    ###....
 Conjure Flame            Conj/Fire      #.......     38%         3    ####...
 Mephitic Cloud           Conj/Pois/Air  #.......     43%         3    ####...


Dungeon Overview and Level Annotations

Branches:
Dungeon (3/15)

Altars:
Trog


Innate Abilities, Weirdness & Mutations

You are too large for most types of armour.
You have claws for hands.
Your metabolism is lightning-fast.
You like to eat raw meat.
Your natural rate of healing is unusually fast.
You are covered in fur. (AC +1)
You have extremely tough skin. (AC +3)


Message History

Unknown command.
You miss something. You claw something.
The orc wizard hits you but does no damage.
Something hits you but does no damage.
All of the chunks of flesh in your inventory have rotted away.
Unknown command.
You claw the orc wizard!
You kill the orc wizard!
Something hits you but does no damage.
Unknown command.
You closely miss something. Something hits you.
* * * LOW HITPOINT WARNING * * *
Something shocks you.
* * * LOW HITPOINT WARNING * * *
You scratch something but do no damage. Something hits you but does no damage.
Unknown command.
You closely miss something. Something hits you.
* * * LOW HITPOINT WARNING * * *
Something shocks you.
You die...

........o.#....
#......#.#..##
###..........#.
###......>.......
#................
##...............
###...........%....
##.##...............
##..@{.............##
#....)...............
##..!#).......#......
##.......#..####....
#.....).##### ###.
##...#### # #####


There were no monsters in sight!

Vanquished Creatures
  A wight (D:6)
  A hound (D:6)
  An orc wizard (D:6)
  An adder (D:2)
  An ooze (D:2)
  2 dart slugs
  A leopard gecko (D:3)
  2 orcs (D:3)
  2 giant cockroaches
  4 goblins
  5 hobgoblins
  9 jackals
  A quokka (D:3)
  A ball python (D:1)
  5 bats
  4 frilled lizards
  6 kobolds
  4 rats (D:1)
51 creatures vanquished.

Notes
Turn   | Place    | Note
-------+----------+-------------------------------------------
     0 | D:1      | KristoblXynda the Troll Wizard began the quest for the Orb.
     0 | D:1      | Reached XP level 1. HP: 16/16 MP: 2/2
   151 | D:1      | Reached skill level 1 in Conjurations
   211 | D:1      | Reached skill level 1 in Unarmed Combat
   212 | D:1      | Reached XP level 2. HP: 23/24 MP: 4/4
   729 | D:2      | Found a bloodstained altar of Trog.
  1205 | D:2      | Reached XP level 3. HP: 24/31 MP: 5/5
  1373 | D:2      | Reached skill level 2 in Unarmed Combat
  1735 | D:3      | Reached XP level 4. HP: 39/39 MP: 6/6
  1749 | D:3      | You fall into a shaft and drop 3 floors!
  1961 | D:6      | Noticed a sky beast
  1962 | D:6      | Reached skill level 3 in Unarmed Combat
  1962 | D:6      | Reached XP level 5. HP: 32/45 MP: 7/7
  1981 | D:6      | HP: 2/45 [something (5)]
  1981 | D:6      | Slain by a sky beast

Levels and vault maps discovered:
D:1:      co_arrival_random_square_maze, layout_rooms, serial_park_tiny_pond
D:2:      layout_basic, nicolae_overflow_crystal_walls, first_ration
D:3:      layout_basic
D:6:      layout_cave_pools, lemuel_doored_altar, basic_altar, uniq_sigmund,
          uniq_prince_ribbit1

Skill      XL: |  1  2  3  4 |
---------------+-------------+-----
Conjurations   | 1 2 |  2.7
Unarmed Combat | 1 2 3 |  3.3
Dodging        | |  1.5
Stealth        | |  1.0
Spellcasting   | |  2.0
Summonings     | |  0.6
Translocations | |  0.6

Action                   |  1- 3 |  4- 6 || total
-------------------------+-------+-------++-------
Melee: Unarmed           |   160 |    45 ||   205
       Punch             |       |     1 ||     1
  Use: Scroll            |       |     3 ||     3
 Stab: Sleeping          |     2 |       ||     2
  Eat: Chunk             |    21 |     2 ||    23
Armor: Robe              |    81 |    20 ||   101
Dodge: Dodged            |   101 |     9 ||   110

Table legend:
 A = Non-vault XP
 B = Vault XP
 C = Vault XP percentage of total XP
 D = Non-vault monster count
 E = Vault monster count
 F = Vault count percentage of total count
                 A         B        C        D         E       F
            +---------+---------+-------+---------+---------+-------
      Total |     238 |       0 |   0.0 |      51 |       0 |   0.0
            +---------+---------+-------+---------+---------+-------
        D:1 |      28 |       0 |   0.0 |      20 |       0 |   0.0
        D:2 |      37 |       0 |   0.0 |      11 |       0 |   0.0
        D:3 |      37 |       0 |   0.0 |      17 |       0 |   0.0
        D:6 |     136 |       0 |   0.0 |       3 |       0 |   0.0
            +---------+---------+-------+---------+---------+-------
